 Dungeon Crawl Stone Soup version 0.31.0-11-ge490571c62 (webtiles) character file.

Game seed: 10970044985863300889

688 qw the Skirmisher (level 7, -6/40 HPs)
             Began as a Deep Elf Hunter on Feb 3, 2024.
             Shot with an arrow by a centaur (11 damage)
             ... on level 5 of the Dungeon.
             The game lasted 00:00:55 (3085 turns).

qw the Skirmisher (Deep Elf Hunter)                 Turns: 3085, Time: 00:00:56

Health: -6/40      AC:  6    Str:  8    XL:     7   Next: 36%
Magic:  9/9        EV: 13    Int: 14    God:
Gold:   117        SH:  0    Dex: 21    Spells: 6/6 levels left

rFire   + . .        h - +2 hand cannon (flame)
rCold   . . .        (no shield)
rNeg    + . .        i - +0 ring mail
rPois   .            (no helmet)
rElec   .            (no cloak)
rCorr   .            (no gloves)
SInv    .            c - +0 pair of boots
Will    .....        a - amulet of faith
Stlth   +            d - ring of Ementama {rF+ rN+ Str-2 Dex+3}
HPRegen 0.26/turn    (no ring)
MPRegen 0.11/turn

%: faith
@: about to teleport
A: no striking features
a: no special abilities


You were on level 5 of the Dungeon.
You visited 1 branch of the dungeon, and saw 5 of its levels.

You collected 187 gold pieces.
You spent 70 gold pieces at shops.


   Skills:
 - Level 2.1 Fighting
 + Level 9.7 Ranged Weapons
 - Level 1.5 Armour
 - Level 5.6 Dodging
 - Level 1.2 Stealth


You had 6 spell levels left.
You didn't know any spells.
Your spell library was empty.

Inventory:

Hand Weapons
 h - a +2 hand cannon of flaming (weapon)
Armour
 c - a +0 pair of boots (worn)
 i - a +0 ring mail (worn)
Jewellery
 a - an amulet of faith (around neck)
 d - the ring of Ementama (left hand) {rF+ rN+ Str-2 Dex+3}
   (You acquired it on level 1 of the Dungeon)

   [ring of positive energy]

   Str-2:     It affects your strength (-2).
   Dex+3:     It affects your dexterity (+3).
   rF+:       It protects you from fire.
   rN+:       It protects you from negative energy.
Wands
 j - a wand of flame (17)
Scrolls
 b - 2 scrolls of teleportation
 l - a scroll of brand weapon {unknown}
Potions
 e - a potion of heal wounds
 f - a potion of curing
 g - 2 potions of cancellation
 k - a potion of mutation

Dungeon Overview and Level Annotations

Branches:
Dungeon (5/15)
 Temple: D:4-7

Altars:
Ashenzari
Fedhas
Kikubaaqudgha
Makhleb
Nemelex Xobeh
Ru
Uskayaw
Vehumet
Wu Jian
The Shining One

Shops:
D:2 ?((

Annotations:
D:1 2 runed translucent doors


Message History

The iguana is almost dead.
You hear an angry hiss.
The iguana completely misses you.
An iguana comes into view.
3002 ||| STAIRDANCE The iguana barely misses you.
You climb upwards.
There is a stone staircase leading down here.
You shoot a bolt. The bolt barely misses the iguana.
The iguana bites you! The iguana barely misses you.
You shoot a bolt. The bolt hits the iguana!
The bolt burns the iguana.
You kill the iguana!
You start resting.
HP restored.
You climb downwards.
The iguana bites you. x2
There is a stone staircase leading up here.
You shoot a bolt. The bolt hits the iguana!
The bolt burns the iguana.
You kill the iguana!
You start resting.
HP restored.
You see here an iguana corpse.
l - a scroll labelled NUOREMY VUCODI A quokka comes into view.
You shoot a bolt. The bolt misses the quokka.
You hear a shout! x4
A centaur comes into view. x2
The centaur wields a +0 orcbow.
The centaur shoots an arrow.
The arrow hits you!
You shoot a bolt. The bolt hits the quokka.
The bolt burns the quokka.
The quokka is heavily wounded.
The centaur wields a +0 shortbow.
The centaur shoots an arrow.
The arrow hits you!
The centaur shoots an arrow.
The arrow hits you.
The centaur shoots an arrow.
The arrow hits you.
The centaur shoots an arrow.
The arrow hits you!
3085 ||| READING 3 scrolls of teleportation.
As you read the scroll of teleportation, it crumbles to dust.
You feel strangely unstable.
The centaur shoots an arrow.
The arrow closely misses you.
The centaur shoots an arrow.
The arrow completely misses you.
The centaur shoots an arrow.
The arrow hits you!
You die...

..................
..................
..........<.......
.........%........
##..>........... #
#.....##.......
...#.#...###.#....
........0....#....
........@........$
....##............
.......r........
...##......##.##
.. ..#.#..## ..#
.#...#..# c .
....#..c
.....#..#.


You could see 2 centaurs and a quokka.

Vanquished Creatures
  Grinder (D:3)
  Menkaure (D:4)
  A phantom (D:4)
  A scorpion (D:4)
  A hound (D:4)
  2 iguanas
  An orc wizard (D:4)
  4 gnolls (D:2)
  3 adders
  2 dart slugs
  A ribbon worm (D:2)
  3 orcs
  3 endoplasms
  5 giant cockroaches
  10 goblins
  4 hobgoblins
  7 jackals (D:4)
  7 quokkas
  8 ball pythons
  2 bats
  A frilled lizard (D:3)
  4 kobolds
  6 rats
78 creatures vanquished.

Notes
Turn   | Place    | Note
-------+----------+-------------------------------------------
     0 | D:1      | qw the Deep Elf Hunter began the quest for the Orb.
     0 | D:1      | Reached XP level 1. HP: 12/12 MP: 3/3
     0 | D:1      | 0 ||| qw: Version: 0.3-a-155-g5e7d8dd
     0 | D:1      | 0 ||| qw: Game counter: 3095
     0 | D:1      | 0 ||| qw: Melee chars always use a shield: true
     0 | D:1      | 0 ||| qw: God list: Okawaru
     0 | D:1      | 0 ||| qw: Allow faded altars: false
     0 | D:1      | 0 ||| qw: Do Orc after clearing Dungeon:15 true
     0 | D:1      | 0 ||| qw: Do second Lair branch before Depths: true
     0 | D:1      | 0 ||| qw: Lair rune preference: random
     0 | D:1      | 0 ||| qw: Goals: Normal
     0 | D:1      | 0 ||| PLANNING D:1-11
    82 | D:1      | Reached skill level 6 in Ranged Weapons
    82 | D:1      | Reached XP level 2. HP: 10/16 MP: 4/4
   700 | D:1      | Found a large runed translucent door.
   700 | D:1      | Found a large runed translucent door.
   769 | D:1      | 769 ||| READING scroll labelled QOYN OQAUMOA.
   769 | D:1      | Identified a scroll of acquirement
   769 | D:1      | 769 ||| ACQUIRING ring of Ementama {rF+ rN+ Str-2 Dex+3}
   769 | D:1      | Acquired the ring of Ementama {rF+ rN+ Str-2 Dex+3}
   771 | D:1      | 771 ||| UPGRADING to ring of Ementama {rF+ rN+ Str-2
                  | Dex+3}.
   772 | D:1      | 772 ||| READING scroll labelled LOGIWA LACA.
   773 | D:1      | 773 ||| READING scroll labelled INALLATARR.
   773 | D:1      | 773 ||| IDENTIFYING yellow potion
   774 | D:1      | 774 ||| READING scroll labelled BUBLIHO YHEDO.
   875 | D:1      | 875 ||| READING scroll labelled OTTELL CIGYRPH.
   876 | D:1      | 876 ||| DRINKING 2 brown potions.
   909 | D:1      | 909 ||| DROPPING scroll of butterflies.
   910 | D:1      | 910 ||| DROPPING potion of brilliance.
   911 | D:1      | 911 ||| DROPPING potion of lignification.
   962 | D:2      | Found Dicw's Magic Scroll Emporium.
   973 | D:2      | 973 ||| BUYING scroll of identify (28 gold).
   973 | D:2      | Bought a scroll of identify for 28 gold pieces
   973 | D:2      | 973 ||| BUYING scroll of teleportation (42 gold).
   973 | D:2      | Bought a scroll of teleportation for 42 gold pieces
   973 | D:2      | 973 ||| SHOPLISTING scroll of teleportation (42 gold, have
                  | 26).
   986 | D:2      | Reached XP level 3. HP: 20/20 MP: 5/5
  1033 | D:2      | Found Bikiakiph's Weapon Shoppe.
  1036 | D:2      | Found Agu Vuix's Weapon Shoppe.
  1065 | D:2      | 1065 ||| READING scroll of acquirement.
  1065 | D:2      | 1065 ||| ACQUIRING +2 hand cannon of flaming
  1065 | D:2      | Acquired a +2 hand cannon of flaming
  1067 | D:2      | 1067 ||| SWAPPING to +2 hand cannon of flaming.
  1068 | D:2      | 1068 ||| DROPPING +0 shortbow.
  1089 | D:2      | Reached skill level 7 in Ranged Weapons
  1439 | D:2      | 1439 ||| RETREEEEATING.
  1440 | D:2      | 1440 ||| RETREEEEATING.
  1452 | D:2      | Reached XP level 4. HP: 25/25 MP: 6/6
  1632 | D:2      | 1632 ||| UPGRADING to amulet of faith.
  1637 | D:2      | 1637 ||| READING 2 scrolls of identify.
  1637 | D:2      | 1637 ||| IDENTIFYING viscous grey potion
  1638 | D:2      | 1638 ||| READING scroll of identify.
  1638 | D:2      | 1638 ||| IDENTIFYING coppery potion
  1662 | D:3      | Reached skill level 8 in Ranged Weapons
  1764 | D:3      | Found a hide-covered altar of Uskayaw.
  1896 | D:3      | Noticed Grinder
  1898 | D:3      | Killed Grinder
  1899 | D:3      | Reached XP level 5. HP: 29/29 MP: 7/7
  1899 | D:3      | Reached XP level 6. HP: 34/34 MP: 8/8
  2288 | D:3      | 2288 ||| UPGRADING to +0 scale mail.
  2298 | D:3      | 2298 ||| DROPPING +0 leather armour.
  2299 | D:3      | 2299 ||| READING 2 scrolls of identify.
  2299 | D:3      | 2299 ||| IDENTIFYING sapphire potion
  2300 | D:3      | 2300 ||| READING scroll of identify.
  2300 | D:3      | 2300 ||| IDENTIFYING viscous dark potion
  2301 | D:3      | 2301 ||| READING scroll labelled WEWUC ESHOROUS.
  2302 | D:3      | 2302 ||| READING 2 scrolls labelled JONUOC HAST.
  2303 | D:3      | 2303 ||| READING scroll labelled HOCSOFOONU.
  2304 | D:3      | 2304 ||| DRINKING 4 smoky orange potions.
  2305 | D:3      | 2305 ||| DROPPING 3 potions of attraction.
  2306 | D:3      | 2306 ||| DROPPING scroll of revelation.
  2308 | D:3      | 2308 ||| Stepping ~*~*~tactically~*~*~ (cloud).
  2458 | D:4      | Found a sparkling altar of Nemelex Xobeh.
  2458 | D:4      | Found a radiant altar of Vehumet.
  2459 | D:4      | Found a glowing golden altar of the Shining One.
  2500 | D:4      | Identified the +5 chain mail "Zotresie" {rPois}
  2512 | D:4      | Noticed Menkaure
  2513 | D:4      | Killed Menkaure
  2514 | D:4      | Reached skill level 9 in Ranged Weapons
  2600 | D:4      | Reached XP level 7. HP: 39/39 MP: 9/9
  2685 | D:4      | Found a sacrificial altar of Ru.
  2689 | D:4      | Found a burning altar of Makhleb.
  2689 | D:4      | Found a broken altar of Ashenzari.
  2697 | D:4      | Found an ornate altar of the Wu Jian Council.
  2700 | D:4      | Found an ancient bone altar of Kikubaaqudgha.
  2737 | D:4      | Reached skill level 1 in Armour
  2864 | D:4      | Found a blossoming altar of Fedhas.
  2955 | D:4      | 2955 ||| UPGRADING to +0 pair of boots.
  2960 | D:4      | 2960 ||| UPGRADING to +0 ring mail.
  2970 | D:4      | 2970 ||| DROPPING +0 scale mail.
  2971 | D:4      | 2971 ||| READING scroll labelled IRASAM HOGIWK.
  3000 | D:5      | Entered Level 5 of the Dungeon
  3002 | D:5      | 3002 ||| STAIRDANCE
  3084 | D:5      | HP: 5/40 [centaur/arrow (7)]
  3085 | D:5      | 3085 ||| READING 3 scrolls of teleportation.
  3085 | D:5      | Shot with an arrow by a centaur

Levels and vault maps discovered:
D:1:      erik_arrival_cave_to_civilisation [erik_arrival_cave_to_temple],
          layout_basic, hangedman_decor_push, kennysheep_minor_cross,
          dreamdust_wishing_well
D:2:      minmay_skewed_foursquare, layout_basic, serial_shops, shop, shop, shop
D:3:      layout_basic, lemuel_tele_altar, uniq_grinder
D:4:      layout_cave_pools, nicolae_overflow_quartered_altars,
          minmay_overflow_temple_star_hex, chequers_serial_rivers_room_b,
          uniq_menkaure
D:5:      minmay_octagon_keep, layout_basic, temple_hall, serial_shops, shop,
          minmay_manual_mares

Skill      XL: |  1  2  3  4  5  6  7 |
---------------+----------------------+-----
Ranged Weapons | 6 7 8 9 |  9.7
Dodging        | 5 |  5.6
Fighting       | 2 |  2.1
Armour         | 1 |  1.5
Stealth        | |  1.2

Action                     |  1- 3 |  4- 6 |  7- 9 || total
---------------------------+-------+-------+-------++-------
   Fire: Shortbow          |    76 |       |       ||    76
         Hand cannon       |    17 |    46 |    14 ||    77
    Use: Scroll            |     6 |     7 |     2 ||    15
         Potion            |     1 |     1 |       ||     2
 Armour: Leather armour    |    13 |     6 |       ||    19
         Scale mail        |       |    14 |     1 ||    15
         Ring mail         |       |       |     9 ||     9
  Dodge: Dodged            |    20 |    17 |     5 ||    42

Table legend:
 A = Non-vault XP
 B = Vault XP
 C = Vault XP percentage of total XP
 D = Non-vault monster count
 E = Vault monster count
 F = Vault count percentage of total count
                 A         B        C        D         E       F
            +---------+---------+-------+---------+---------+-------
      Total |     550 |     434 |  44.1 |      73 |       5 |   6.4
            +---------+---------+-------+---------+---------+-------
        D:1 |      32 |       3 |   8.6 |      18 |       2 |  10.0
        D:2 |     102 |       2 |   1.9 |      24 |       1 |   4.0
        D:3 |      46 |     272 |  85.5 |      11 |       1 |   8.3
        D:4 |     331 |     157 |  32.2 |      19 |       1 |   5.0
        D:5 |      39 |       0 |   0.0 |       1 |       0 |   0.0
            +---------+---------+-------+---------+---------+-------
